 Dungeon Crawl Stone Soup version 0.24.0-37-gcf1ca852f1 (webtiles) character file.

Game seed: 12443113661882874687, levelgen mode: deterministic

191 FishyPogo the Ducker (level 5, 0/47 HPs)
             Began as a Gnoll Monk on Nov 30, 2019.
             Slain by an orc
             ... wielding a +0 mace
              (6 damage)
             ... on level 5 of the Dungeon.
             The game lasted 00:04:55 (1117 turns).

FishyPogo the Ducker (Gnoll Monk)                   Turns: 1117, Time: 00:04:56

Health: 0/47       AC:  2    Str: 14    XL:     5   Next: 70%
Magic:  3/7        EV: 17    Int: 12    God:
Gold:   152        SH:  0    Dex: 18    Spells: 3/7 levels left

rFire    . . .     SeeInvis .   a - +1 short sword
rCold    . . .     Gourm    .   (no shield)
rNeg     . . .     Faith    .   b - +0 robe
rPois    .         Spirit   .   (no helmet)
rElec    .         Reflect  .   (no cloak)
rCorr    .         Harm     .   (no gloves)
MR       .....                  (no boots)
Stlth    +.........             (no amulet)
HPRegen  0.15/turn              (no ring)
MPRegen  0.10/turn              (no ring)

@: confused, very slightly contaminated
A: distributed training, fangs 1, strong nose
a: no special abilities


You were on level 5 of the Dungeon.
You were not hungry.

You visited 1 branch of the dungeon, and saw 5 of its levels.

You collected 152 gold pieces.

Inventory:

Hand Weapons
 a - a +1 short sword (weapon)
Missiles
 e - 36 stones (quivered)
 g - 13 poisoned darts
Armour
 b - a +0 robe (worn)
Potions
 f - a potion of magic
 h - a potion of agility {unknown}
Comestibles
 c - 3 rations
 d - a chunk of flesh


   Skills:
 + Level 6.7 Fighting
 + Level 6.7 Short Blades
 + Level 1.5 Long Blades
 + Level 1.5 Axes
 + Level 1.5 Maces & Flails
 + Level 1.5 Polearms
 + Level 1.5 Staves
 + Level 1.5 Slings
 + Level 1.5 Bows
 + Level 1.5 Crossbows
 + Level 1.5 Throwing
 + Level 1.5 Armour
 + Level 6.7 Dodging
 + Level 4.4 Stealth
 + Level 1.5 Shields
 + Level 1.5 Unarmed Combat
 + Level 1.5 Spellcasting
 + Level 1.2 Conjurations
 + Level 1.2 Hexes
 + Level 1.2 Charms
 + Level 1.2 Summonings
 + Level 1.2 Necromancy
 + Level 1.2 Translocations
 + Level 1.2 Transmutations
 + Level 1.2 Fire Magic
 + Level 1.2 Ice Magic
 + Level 1.2 Air Magic
 + Level 1.2 Earth Magic
 + Level 1.2 Poison Magic
 + Level 1.7 Invocations
 + Level 1.5 Evocations


You had 3 spell levels left.
You knew the following spells:

 Your Spells              Type           Power        Failure   Level  Hunger
a - Pain                  Necr           #...         17%         1    ##.....
c - Mephitic Cloud        Conj/Pois/Air  #.......     45%         3    ####...

Your spell library contained the following spells:

 Spells                   Type           Power        Failure   Level  Hunger
 Animate Skeleton         Necr           N/A          17%         1    ##.....
 Magic Dart               Conj           #...         17%         1    ##.....
 Blink                    Tloc           N/A          26%         2    ###....
 Call Imp                 Summ           #.......     26%         2    ###....
 Slow                     Hex            #.......     26%         2    ###....
 Conjure Flame            Conj/Fire      #.......     45%         3    ####...
 Regeneration             Chrm/Necr      #.........   45%         3    ####...
 Vampiric Draining        Necr           #.........   45%         3    ####...
 Animate Dead             Necr           N/A          86%         4    #####..


Dungeon Overview and Level Annotations

Branches:
Dungeon (5/15)
 Temple: D:4-7

Altars:
Ashenzari


Innate Abilities, Weirdness & Mutations

Your experience applies equally to all skills.
You have very sharp teeth.
Your uncanny sense of smell can sniff out nearby items.


Message History

You hit something. The orc hits you with a +0 mace.
You hear some strange, mumbled words.
You are confused.
You closely miss something. The orc closely misses you. Something hits you.
You miss something. Your bite misses something.
You're too confused to move!
Something hits you. The orc completely misses you.
You hear some strange, mumbled words.
You are more confused.
The orc misses you.
You see here a scroll of identify.
You hit something. Something hits you. The orc completely misses you.
The orc completely misses you. Something hits you but does no damage.
Things that are here:
a +0 dagger; a +0 robe You hear some strange, mumbled words.
A puff of flame appears from out of thin air!
The puff of flame hits you!
* * * LOW HITPOINT WARNING * * *
You hit the orc but do no damage. The orc hits you with a +0 mace.
You die...

∆
#............####
∆ #............#
∆∆ ###'#####...##
∆∆ #..####...#
#.........#
+.........#
#....##...#
##....##...#
#..@.......#
+..o?......#
###..###.... #..#
.... ∆ .... ...
#..... #######


You could see an orc.

Vanquished Creatures
  A centaur (D:5)
  A jelly (D:5)
  An orc wizard (D:5)
  A worker ant (D:4)
  A dart slug (D:1)
  8 bats
  A giant cockroach (D:2)
  A goblin (D:1)
  6 hobgoblins
  2 jackals (D:2)
  A quokka (D:4)
  2 frilled lizards
  A jackal skeleton (D:4)
  4 kobolds
  3 rats (D:2)
34 creatures vanquished.

Notes
Turn   | Place    | Note
-------+----------+-------------------------------------------
     0 | D:1      | FishyPogo the Gnoll Monk began the quest for the Orb.
     0 | D:1      | Reached XP level 1. HP: 23/23 MP: 1/1
   140 | D:1      | Reached XP level 2. HP: 29/29 MP: 2/2
   423 | D:2      | Reached XP level 3. HP: 30/35 MP: 3/3
   697 | D:2      | Found a shattered altar of Ashenzari.
   912 | D:4      | Reached skill level 1 in Long Blades
   912 | D:4      | Reached skill level 1 in Axes
   912 | D:4      | Reached skill level 1 in Maces & Flails
   912 | D:4      | Reached skill level 1 in Polearms
   912 | D:4      | Reached skill level 1 in Staves
   912 | D:4      | Reached skill level 1 in Slings
   912 | D:4      | Reached skill level 1 in Bows
   912 | D:4      | Reached skill level 1 in Crossbows
   912 | D:4      | Reached skill level 1 in Throwing
   912 | D:4      | Reached skill level 1 in Armour
   912 | D:4      | Reached skill level 1 in Shields
   912 | D:4      | Reached skill level 1 in Unarmed Combat
   912 | D:4      | Reached skill level 1 in Spellcasting
   912 | D:4      | Reached skill level 1 in Invocations
   912 | D:4      | Reached skill level 1 in Evocations
   970 | D:4      | Reached XP level 4. HP: 41/41 MP: 5/5
   988 | D:5      | Entered Level 5 of the Dungeon
  1002 | D:5      | Learned a level 1 spell: Pain
  1036 | D:5      | Noticed a centaur
  1039 | D:5      | Killed a centaur
  1039 | D:5      | Reached skill level 1 in Conjurations
  1039 | D:5      | Reached skill level 1 in Hexes
  1039 | D:5      | Reached skill level 1 in Charms
  1039 | D:5      | Reached skill level 1 in Summonings
  1039 | D:5      | Reached skill level 1 in Necromancy
  1039 | D:5      | Reached skill level 1 in Translocations
  1039 | D:5      | Reached skill level 1 in Transmutations
  1039 | D:5      | Reached skill level 1 in Fire Magic
  1039 | D:5      | Reached skill level 1 in Ice Magic
  1039 | D:5      | Reached skill level 1 in Air Magic
  1039 | D:5      | Reached skill level 1 in Earth Magic
  1039 | D:5      | Reached skill level 1 in Poison Magic
  1039 | D:5      | Reached XP level 5. HP: 34/47 MP: 5/7
  1079 | D:5      | Learned a level 3 spell: Mephitic Cloud
  1117 | D:5      | Slain by an orc

Levels and vault maps discovered:
D:1:      psy_arrival_fountain, layout_loops_ring
D:2:      layout_loops_ring, nicolae_overflow_hidden_temple, ashenzari_altar_1
D:3:      layout_basic, fedhas_altar_2, uniq_sigmund, uniq_robin
D:4:      layout_basic, nicolae_overflow_crystal_walls, first_ration,
          chequers_serial_rivers_micro_b, serial_park_tiny_2, tgw_kikubaaqudgha,
          uniq_edmund, uniq_crazy_yiuf_cottage
D:5:      minmay_chambers_of_fours, layout_gridville,
          grunt_temple_overflow_order_and_chaos_2, marbit_many_paths

Skill      XL: |  1  2  3  4 |
---------------+-------------+-----
Long Blades    | 1 |  1.5
Axes           | 1 |  1.5
Maces & Flails | 1 |  1.5
Polearms       | 1 |  1.5
Staves         | 1 |  1.5
Slings         | 1 |  1.5
Bows           | 1 |  1.5
Crossbows      | 1 |  1.5
Throwing       | 1 |  1.5
Armour         | 1 |  1.5
Shields        | 1 |  1.5
Unarmed Combat | 1 |  1.5
Spellcasting   | 1 |  1.5
Invocations    | 1 |  1.7
Evocations     | 1 |  1.5
Conjurations   | 1 |  1.2
Hexes          | 1 |  1.2
Charms         | 1 |  1.2
Summonings     | 1 |  1.2
Necromancy     | 1 |  1.2
Translocations | 1 |  1.2
Transmutations | 1 |  1.2
Fire Magic     | 1 |  1.2
Ice Magic      | 1 |  1.2
Air Magic      | 1 |  1.2
Earth Magic    | 1 |  1.2
Poison Magic   | 1 |  1.2
Fighting       | |  6.7
Short Blades   | |  6.7
Dodging        | |  6.7
Stealth        | |  4.4

Action                   |  1- 3 |  4- 6 || total
-------------------------+-------+-------++-------
Melee: Short sword       |    80 |    29 ||   109
       Bite              |     9 |     5 ||    14
       Punch             |       |     2 ||     2
 Cast: Pain              |       |     2 ||     2
       Mephitic Cloud    |       |     1 ||     1
  Use: Scroll            |     4 |     1 ||     5
 Stab: Sleeping          |     8 |     1 ||     9
  Eat: Chunk             |       |     1 ||     1
Armor: Robe              |    18 |     1 ||    19
Dodge: Dodged            |    63 |    23 ||    86
